 Dungeon Crawl Stone Soup version 0.19-a0-1922-g1e9a4c1 (webtiles) character file.

259 Jraekied the Vandal (level 5, -1/38 HPs)
             Began as a Demonspawn Gladiator on Oct 24, 2016.
             Was an Initiate of Makhleb.
             Slain by an ogre
             ... wielding a +0 giant club
              (15 damage)
             ... on level 4 of the Dungeon.
             The game lasted 00:06:21 (2259 turns).

Jraekied the Vandal (Demonspawn Gladiator)          Turns: 2259, Time: 00:06:21

Health: -1/38      AC:  6    Str: 15    XL:     5   Next: 95%
Magic:  0/5        EV: 13    Int: 10    God:    Makhleb [......]
Gold:   182        SH:  0    Dex: 14    Spells: 0 memorised, 4 levels left

rFire  . . .     SeeInvis +     a - +0 quarterstaff
rCold  . . .     Gourm    .     l - +0 ring mail
rNeg   . . .     Faith    .     (shield currently unavailable)
rPois  .         Spirit   +     c - +0 helmet
rElec  .         Reflect  .     (no cloak)
rCorr  .         Harm     .     (no gloves)
MR     .....                    (no boots)
Stlth  +.........               h - amulet of guardian spirit
                                C - ring of see invisible
                                q - ring of see invisible

@: no status effects
A: claws 1, repulsion field 1, spiny 1
a: Renounce Religion


You were on level 4 of the Dungeon.
You worshipped Makhleb.
Makhleb was noncommittal.
You were not hungry.

You visited 1 branch of the dungeon, and saw 4 of its levels.

You collected 182 gold pieces.

Inventory:

Hand Weapons
 a - a +0 quarterstaff (weapon)
 b - a +0 hunting sling
Missiles
 d - 3 throwing nets (quivered)
 i - 65 stones
 j - 22 bolts
 y - 58 arrows
 A - 16 sling bullets
Armour
 c - a +0 helmet (worn)
 l - a +0 ring mail (worn)
 o - a +0 leather armour
Jewellery
 h - an amulet of guardian spirit (around neck)
 q - a ring of see invisible (left claw)
 C - a ring of see invisible (right claw)
Scrolls
 k - a scroll of teleportation {unknown}
 n - a scroll of amnesia {unknown}
 r - 2 scrolls of recharging {unknown}
 t - a scroll of remove curse {unknown}
 u - 3 scrolls of enchant armour {unknown}
 z - a scroll of fear {unknown}
 B - a scroll of magic mapping {unknown}
 F - a scroll of identify {unknown}
Potions
 e - a potion of brilliance {unknown}
 g - a potion of mutation {unknown}
 m - 2 potions of degeneration {unknown}
 v - a potion of curing {unknown}
 w - a potion of agility {unknown}
 D - a potion of haste {unknown}
 E - a potion of heal wounds {unknown}
Books
 s - a book of Changes

   Spells                             Type                      Level
   a - Beastly Appendage              Transmutation                1
   b - Sticks to Snakes               Transmutation                2
   c - Spider Form                    Transmutation/Poison         3
   d - Ice Form                       Ice/Transmutation            4
   e - Blade Hands                    Transmutation                5
Comestibles
 f - 2 bread rations
 p - 2 royal jellies
 x - a beef jerky


   Skills:
 - Level 2.0 Fighting
 - Level 2.6 Staves
 * Level 4.4(5.0) Slings
 - Level 3.2(4.4) Throwing
 - Level 2.6 Dodging


You had 4 spell levels left.
You didn't know any spells.

Dungeon Overview and Level Annotations

Branches:
Dungeon (4/15)
 Temple: D:4-7

Altars:
Makhleb
Zin
Beogh


Innate Abilities, Weirdness & Mutations

You have sharp fingernails.
You are surrounded by a mild repulsion field. (EV +2)
You are partially covered in sharp spines.


Message History

Press: ? - help, Shift-Dir - straight line, f/p - ogre
Aim: an ogre, wielding a giant club (lightly wounded)
You shoot a stone. The stone hits the ogre.
The ogre is lightly wounded.
Firing (i - inventory. (,) - cycle):
i - 66 stones (quivered)
Press: ? - help, Shift-Dir - straight line, f/p - ogre
Aim: an ogre, wielding a giant club (lightly wounded)
You shoot a stone. The stone barely misses the ogre.
a - a +0 quarterstaff (weapon)
You sock the ogre!
The ogre is heavily wounded.
The ogre hits you with a giant club!!
Ouch! That really hurt!
You hit the ogre.
The ogre is severely wounded.
The ogre misses you.
You barely miss the ogre.
The ogre is severely wounded.
The ogre is struck by your spines. The ogre hits you with a giant club!
You die...

#...........##.##.#...
##........####.##..... .
##.........##.##.....
..###.........##........
..............###.......
.......#.....).......#..
...............##.##.#..
................<..>.+..
(..(..O@.......##..#.#..
######.#.......#####....
#.#..##+#..........
#####................
#...........#####....
#.####..#.#..........
######.#####.#.########...
#...................# #...
#....#.######..####.###...


You could see an ogre.

Vanquished Creatures
  2 orc priests (D:3)
  Natasha (thrice) (D:3)
  3 gnolls (D:3)
  An adder (D:3)
  An ooze (D:1)
  3 worms (D:3)
  A dart slug (D:1)
  4 leopard geckos
  4 orcs
  3 giant cockroaches
  6 goblins
  7 hobgoblins
  2 ball pythons (D:3)
  12 bats
  3 frilled lizards
  8 kobolds
  9 rats
72 creatures vanquished.

Notes
Turn   | Place    | Note
-------+----------+-------------------------------------------
     0 | D:1      | Jraekied the Demonspawn Gladiator began the quest for the Orb.
     0 | D:1      | Reached XP level 1. HP: 16/16 MP: 1/1
    42 | D:1      | Gained mutation: You are partially covered in sharp spines. [demonic ancestry]
    42 | D:1      | Reached XP level 2. HP: 15/22 MP: 2/2
   294 | D:1      | Gained mutation: You are surrounded by a mild repulsion field. (EV +2) [demonic ancestry]
   294 | D:1      | Reached XP level 3. HP: 21/27 MP: 1/3
   766 | D:2      | Found a glowing silver altar of Zin.
   835 | D:2      | Reached skill level 1 in Slings
  1194 | D:3      | Gained mutation: You have sharp fingernails. [demonic ancestry]
  1194 | D:3      | Reached XP level 4. HP: 33/33 MP: 4/4
  1247 | D:3      | Reached skill level 2 in Slings
  1410 | D:3      | Noticed Natasha
  1419 | D:3      | Killed Natasha
  1419 | D:3      | Reached skill level 3 in Slings
  1547 | D:3      | Found a roughly hewn altar of Beogh.
  1550 | D:3      | Reached XP level 5. HP: 38/38 MP: 5/5
  1638 | D:3      | Noticed Natasha
  1644 | D:3      | Killed Natasha
  1644 | D:3      | Reached skill level 4 in Slings
  1679 | D:3      | Noticed Natasha
  1685 | D:3      | Killed Natasha
  2003 | D:4      | Found a burning altar of Makhleb.
  2094 | D:4      | Became a worshipper of Makhleb the Destroyer
  2250 | D:4      | Noticed an ogre
  2259 | D:4      | Slain by an ogre

Vault maps used:
D:1:      nicolae_arrival_washed_ashore
D:2:      nicolae_overflow_crystal_walls
D:3:      first_bread, kennysheep_orc_chapel, uniq_natasha
D:4:      old_standard_altar, minmay_misc_feat_diagonals, chei_slow_surprise

Skill      XL: |  1  2  3  4  5 |
---------------+----------------+-----
Throwing       | 2 3 |  3.2
Slings         | 1 3 4 |  4.4
Fighting       | |  2.0
Staves         | |  2.6
Dodging        | |  2.6

Action                   |  1- 3 |  4- 6 || total
-------------------------+-------+-------++-------
Melee: Quarterstaff      |    64 |    37 ||   101
 Fire: Hunting sling     |    26 |    70 ||    96
 Stab: Sleeping          |     1 |       ||     1
  Eat: Chunk             |       |     4 ||     4
Armor: Leather armour    |    15 |       ||    15
       Ring mail         |     8 |    11 ||    19
Dodge: Dodged            |    44 |    29 ||    73
